[Event "Romanian-ch Open 2022"]
[Site "Eforie Nord"]
[Date "2022.02.20"]
[Round "1.8"]
[White "Manolache, Marius"]
[Black "Sachilaru, Alexandru"]
[Result "*"]
[ECO "D03"]
[WhiteElo "2485"]
[BlackElo "2085"]
[Annotator "RC"]
[PlyCount "22"]
[EventDate "2022.02.20"]
[EventType "swiss"]
[EventCountry "ROU"]
[SourceTitle "playchess.com"]
[Source "ChessBase"]
[SourceQuality "1"]
[TimeControl "40/5400+30:900+30"]

1. d4 Nf6 2. Bg5 d5 3. Nd2 c5 4. e3 Nc6 5. c3 e6 6. Ngf3 Be7 7. Bd3 h6 8. Bxf6 gxf6 9. dxc5 Bxc5 10. e4 f5 11. exd5 Qxd5 *

[Event "Romanian-ch Open 2022"]
[Site "Eforie Nord"]
[Date "2022.02.20"]
[Round "1.10"]
[White "Georgescu, Tiberiu-Marian"]
[Black "Ignat, Matei-Marius"]
[Result "1-0"]
[ECO "D02"]
[WhiteElo "2467"]
[BlackElo "2053"]
[Annotator "ChessBase"]
[PlyCount "127"]
[EventDate "2022.02.20"]
[EventType "swiss"]
[EventCountry "ROU"]
[SourceTitle "playchess.com"]
[Source "ChessBase"]
[SourceQuality "1"]
[TimeControl "40/5400+30:900+30"]

1. d4 Nf6 2. Nf3 g6 3. Nbd2 d5 4. b4 Bg7 5. e3 Bf5 6. c4 c6 7. a4 O-O 8. Be2 Ne4 9. Bb2 Nd7 10. O-O Nxd2 11. Qxd2 Nf6 12. Rfc1 Bg4 13. h3 Ne4 14. Qc2 Bxf3 15. Bxf3 f5 16. cxd5 Qxd5 17. Be2 Nd6 18. Qd3 a6 19. Rc5 Qf7 20. Rac1 Rac8 21. Bf3 Bf6 22. Ba3 e6 23. R5c2 Be7 24. Qb3 Rcd8 25. g3 Rd7 26. Bg2 Rfd8 27. Bb2 Bf6 28. Kh2 Kh8 29. Rc5 Re7 30. Qc2 Qg7 31. Rd1 Rde8 32. Ba3 Rd7 33. Bb2 Red8 34. Qb3 Re7 35. Rc2 Qf7 36. Rcd2 Red7 37. Qc2 Qg7 38. Qc5 Kg8 39. f3 Qe7 40. e4 Nf7 41. Qc3 fxe4 42. fxe4 e5 43. d5 cxd5 44. exd5 Nd6 45. h4 Rc7 46. Qb3 Kh8 47. Rf1 Bg7 48. Re2 e4 49. Bxg7+ Qxg7 50. Bxe4 Re7 51. Rfe1 Rde8 52. Qd3 Qf6 53. Bg2 Rxe2 54. Rxe2 Re7 55. Re6 Rxe6 56. dxe6 Qe7 57. Qd4+ Kg8 58. Bd5 h5 59. a5 Kh7 60. Qc5 Qd8 61. Qe3 Qe7 62. Qg5 Qxg5 63. hxg5 Kg7 64. e7 1-0

[Event "Romanian-ch Open 2022"]
[Site "Eforie Nord"]
[Date "2022.02.20"]
[Round "1.12"]
[White "Ghimpu, Samuel-Timotei"]
[Black "Veress, Armand"]
[Result "1-0"]
[ECO "B01"]
[WhiteElo "2420"]
[BlackElo "2034"]
[Annotator "ChessBase"]
[PlyCount "91"]
[EventDate "2022.02.20"]
[EventType "swiss"]
[EventCountry "ROU"]
[SourceTitle "playchess.com"]
[Source "ChessBase"]
[SourceQuality "1"]
[TimeControl "40/5400+30:900+30"]

1. e4 d5 2. exd5 Qxd5 3. Nc3 Qd6 4. d4 c6 5. Nf3 Nf6 6. Ne5 Nbd7 7. Nc4 Qc7 8. Qf3 Nb6 9. Bf4 Qd7 10. O-O-O Qg4 11. Qxg4 Bxg4 12. f3 Be6 13. Na5 O-O-O 14. Be5 Bf5 15. g4 Bg6 16. h4 h5 17. g5 Ne8 18. Ne4 e6 19. a3 Bxe4 20. fxe4 Bd6 21. Bxd6 Nxd6 22. Re1 Rhe8 23. c4 Nd7 24. b4 Kc7 25. c5 Nc8 26. Be2 b6 27. Nc4 e5 28. Bxh5 g6 29. Bg4 exd4 30. Rhf1 Re7 31. Rf4 bxc5 32. Bxd7 Rdxd7 33. bxc5 d3 34. Kd2 Rd4 35. Kc3 Rd8 36. Rd1 Rde8 37. Kxd3 Rd8+ 38. Kc2 Rxd1 39. Kxd1 Kd7 40. Kd2 Ke8 41. Ke3 Rb7 42. Rf6 Rb3+ 43. Kd4 Ne7 44. Nd6+ Kd7 45. Nxf7 Rxa3 46. Ne5+ 1-0

[Event "Romanian-ch Open 2022"]
[Site "Eforie Nord"]
[Date "2022.02.20"]
[Round "1.13"]
[White "Mintau, Andrei-Catalin"]
[Black "Stoleriu, George"]
[Result "0-1"]
[ECO "B22"]
[WhiteElo "2029"]
[BlackElo "2419"]
[Annotator "ChessBase"]
[PlyCount "66"]
[EventDate "2022.02.20"]
[EventType "swiss"]
[EventCountry "ROU"]
[SourceTitle "playchess.com"]
[Source "ChessBase"]
[SourceQuality "1"]
[TimeControl "40/5400+30:900+30"]

1. e4 c5 2. Nf3 a6 3. c3 e6 4. d4 d5 5. exd5 exd5 6. Be3 c4 7. Ne5 Bd6 8. Qf3 Be6 9. Nd2 Qc7 10. Qh5 Nf6 11. Qg5 O-O 12. f4 Ne8 13. Qh4 f6 14. Nef3 Nc6 15. g3 Ne7 16. Bh3 Qd7 17. Ng1 Nf5 18. Bxf5 Bxf5 19. Ngf3 Qb5 20. b3 cxb3 21. axb3 Qd3 22. Kf2 Qxc3 23. g4 Be4 24. g5 fxg5 25. Qxg5 Rf5 26. Qg3 Nf6 27. Rhg1 Nh5 28. Qg4 Bxf4 29. Bxf4 Rxf4 30. Qxh5 Qxd2+ 31. Kg3 Rxf3+ 32. Qxf3 Bxf3 33. Kxf3 Rf8+ 0-1

[Event "Romanian-ch Open 2022"]
[Site "Eforie Nord"]
[Date "2022.02.20"]
[Round "1.14"]
[White "Badea, Bela"]
[Black "Bobocea, Laurentiu-Vlad"]
[Result "1-0"]
[ECO "A06"]
[WhiteElo "2413"]
[BlackElo "1987"]
[Annotator "ChessBase"]
[PlyCount "59"]
[EventDate "2022.02.20"]
[EventType "swiss"]
[EventCountry "ROU"]
[SourceTitle "playchess.com"]
[Source "ChessBase"]
[SourceQuality "1"]
[TimeControl "40/5400+30:900+30"]

1. Nf3 d5 2. b3 Bg4 3. e3 e5 4. h3 Bxf3 5. Qxf3 Nf6 6. Bb2 Nbd7 7. d3 Bd6 8. e4 c6 9. Nd2 O-O 10. g3 Qe7 11. a3 Rfd8 12. Bg2 a5 13. O-O dxe4 14. Nxe4 Nxe4 15. Qxe4 Re8 16. Rfe1 Qg5 17. h4 Qg6 18. Bh3 Nc5 19. Qf3 Ne6 20. Bxe6 Rxe6 21. h5 Qg5 22. Bc1 Qe7 23. Re2 Re8 24. Bd2 Bxa3 25. Bxa5 Bb2 26. Ra4 Bd4 27. Bb4 Bc5 28. Bc3 h6 29. Rae4 Qg5 30. Bd2 1-0

[Event "Romanian-ch Open 2022"]
[Site "Eforie Nord"]
[Date "2022.02.20"]
[Round "1.15"]
[White "Coicev, Matei-Andrei"]
[Black "Cosma, Ioan"]
[Result "1/2-1/2"]
[ECO "B48"]
[WhiteElo "1970"]
[BlackElo "2396"]
[Annotator "ChessBase"]
[PlyCount "61"]
[EventDate "2022.02.20"]
[EventType "swiss"]
[EventCountry "ROU"]
[SourceTitle "playchess.com"]
[Source "ChessBase"]
[SourceQuality "1"]
[TimeControl "40/5400+30:900+30"]

1. e4 c5 2. Nf3 Nc6 3. d4 cxd4 4. Nxd4 Qc7 5. Nc3 e6 6. Be3 a6 7. g4 b5 8. Nxc6 Qxc6 9. Qd2 b4 10. Ne2 Qxe4 11. Rg1 Qc4 12. Nf4 Qc7 13. O-O-O Nf6 14. Nh5 Bb7 15. Nxf6+ gxf6 16. Bd4 e5 17. Bb6 Qc6 18. Bg2 d5 19. Qxd5 Qxd5 20. Bxd5 Bxd5 21. Rxd5 Bh6+ 22. Kb1 Bf4 23. Rgd1 Kf8 24. h3 Kg7 25. Ba5 h5 26. Bxb4 hxg4 27. hxg4 Rh2 28. f3 Rf2 29. R5d3 Rc8 30. c3 Rh8 31. c4 1/2-1/2

[Event "Romanian-ch Open 2022"]
[Site "Eforie Nord"]
[Date "2022.02.20"]
[Round "1.16"]
[White "Filip, Lucian-Ioan"]
[Black "Zaim, Marian"]
[Result "1-0"]
[ECO "E92"]
[WhiteElo "2391"]
[BlackElo "1964"]
[Annotator "ChessBase"]
[PlyCount "69"]
[EventDate "2022.02.20"]
[EventType "swiss"]
[EventCountry "ROU"]
[SourceTitle "playchess.com"]
[Source "ChessBase"]
[SourceQuality "1"]
[TimeControl "40/5400+30:900+30"]

1. Nf3 Nf6 2. c4 g6 3. Nc3 Bg7 4. e4 d6 5. d4 O-O 6. Be2 e5 7. Be3 Ng4 8. Bg5 f6 9. Bc1 Nc6 10. h3 Nh6 11. d5 Ne7 12. h4 Nf7 13. h5 f5 14. hxg6 Nxg6 15. Qc2 f4 16. Bd2 Ng5 17. Nxg5 Qxg5 18. g3 Qf6 19. O-O-O Rf7 20. Rh2 a6 21. Rdh1 Bh8 22. Rh6 fxg3 23. fxg3 Bd7 24. Kb1 Raf8 25. R6h2 Qe7 26. Nd1 Bc8 27. a3 Bd7 28. Ka2 Bc8 29. Ne3 Qe8 30. Ng4 Bg7 31. Rxh7 Rd7 32. R7h2 c5 33. Bh6 Rff7 34. Bxg7 Kxg7 35. Qd2 1-0

[Event "Romanian-ch Open 2022"]
[Site "Eforie Nord"]
[Date "2022.02.20"]
[Round "1.17"]
[White "Radu, David Cr."]
[Black "Toma, Radu-Cristian"]
[Result "0-1"]
[ECO "D00"]
[WhiteElo "1960"]
[BlackElo "2388"]
[Annotator "ChessBase"]
[PlyCount "38"]
[EventDate "2022.02.20"]
[EventType "swiss"]
[EventCountry "ROU"]
[SourceTitle "playchess.com"]
[Source "ChessBase"]
[SourceQuality "1"]
[TimeControl "40/5400+30:900+30"]

1. d4 d5 2. Bf4 Nf6 3. e3 g6 4. Nf3 Bg7 5. Nc3 a6 6. Be2 b6 7. Ne5 Bb7 8. h4 h5 9. Qd2 c5 10. f3 Nfd7 11. O-O-O e6 12. Rh3 Nxe5 13. Bxe5 Bxe5 14. dxe5 Nd7 15. f4 b5 16. Bf3 Nb6 17. g4 Nc4 18. Qe2 Qa5 19. gxh5 Qb4 0-1

[Event "Romanian-ch Open 2022"]
[Site "Eforie Nord"]
[Date "2022.02.20"]
[Round "1.18"]
[White "Doncea, Vladimir"]
[Black "Negrean, Andrei"]
[Result "1-0"]
[ECO "E06"]
[WhiteElo "2367"]
[BlackElo "1941"]
[Annotator "NA"]
[PlyCount "139"]
[EventDate "2022.02.20"]
[EventType "swiss"]
[EventCountry "ROU"]
[SourceTitle "playchess.com"]
[Source "ChessBase"]
[SourceQuality "1"]
[TimeControl "40/5400+30:900+30"]

1. Nf3 Nf6 2. c4 e6 3. g3 d5 4. Bg2 Be7 5. d4 O-O 6. Qc2 c5 7. O-O {[%emt 0:00:34] 7.dxc5 is the fancy move.} cxd4 8. Nxd4 e5 9. Nf5 d4 10. Nxe7+ Qxe7 11. b3 Rd8 12. Ba3 Qc7 13. Nd2 Nc6 14. Ne4 Nxe4 15. Bxe4 g6 {[%emt 0:03:35] [#]} 16. f4 $146 ({Predecessor:} 16. Rad1 Be6 17. f4 f5 18. Bg2 e4 19. Bb2 Rd7 20. e3 Rad8 21. exd4 Nxd4 22. Qf2 {1-0 (51) Hausrath,D (2480)-Engel,L (2532) Playchess.com INT 2020}) 16... f5 (16... Bh3 $11) 17. Bd5+ Kg7 18. Qd2 Re8 19. Bb2 Be6 20. e3 Rad8 21. Bxc6 ({Reject} 21. exd4 $6 Bxd5 22. cxd5 Rxd5 $11) (21. Bg2 $16) 21... Qxc6 22. exd4 exd4 23. Rad1 Kf7 24. Bxd4 Rd7 25. Qa5 Qd6 (25... b5 $16 {keeps fighting.}) 26. Rd2 (26. Qxa7 $18 Kg8 27. Qa5) 26... b6 27. Qc3 Kg8 28. Rfd1 Red8 $2 (28... Qc7 $16 {was necessary.} 29. Qe3 Bf7) 29. Re1 Qc6 30. Re3 (30. Bh8 $18) 30... b5 31. c5 Bd5 32. Bf6 Rc8 (32... b4 $142 33. Qe5 Bh1 34. Bxd8 (34. Qe7 $2 Rxe7 35. Rxd8+ Kf7 $19) 34... Rxd2 35. Qe8+ Kg7 36. Qe7+ (36. Re7+ Kh6 $16) 36... Kg8 37. Qe8+ Kg7 38. Qe7+ Kg8 39. Qe8+) 33. Red3 Qxc5+ 34. Qxc5 Rxc5 35. Kf2 (35. Bc3 $5 Kf7 36. b4 $14) 35... Kf7 36. Bd4 $1 Be4 37. Bxc5 Rxd3 38. Rxd3 Bxd3 39. Bxa7 b4 40. Ke3 Bb1 41. Kd2 Ke6 42. Kc1 Bxa2 $2 (42... Be4 {is tougher.} 43. Bc5 Kd5 44. Bxb4 Kd4) 43. Kb2 Bxb3 44. Kxb3 Kd5 45. Kxb4 Ke4 $18 46. Kc3 Kf3 47. Kd2 Kg2 48. Ke2 h6 49. Bf2 Kxh2 50. Kf3 Kh3 51. Bc5 Kh2 52. Bf8 g5 53. Bxh6 g4+ 54. Kf2 Kh3 55. Bg5 Kh2 56. Bh4 Kh1 57. Ke3 Kg2 58. Kd4 Kf3 59. Ke5 Ke2 60. Kxf5 Kf3 61. Kg5 Ke4 62. f5 Kf3 63. f6 Kg2 64. f7 Kh3 65. f8=Q Kh2 66. Kxg4 Kg2 67. Qf3+ Kg1 68. Qe2 Kh1 69. Kh3 Kg1 70. Qe1# 1-0

[Event "Romanian-ch Open 2022"]
[Site "Eforie Nord"]
[Date "2022.02.20"]
[Round "1.19"]
[White "Prelipcean, Eric-Matei"]
[Black "Secheres, Adrian-Simion"]
[Result "1/2-1/2"]
[ECO "C95"]
[WhiteElo "1935"]
[BlackElo "2363"]
[Annotator "NA"]
[PlyCount "150"]
[EventDate "2022.02.20"]
[EventType "swiss"]
[EventCountry "ROU"]
[SourceTitle "playchess.com"]
[Source "ChessBase"]
[SourceQuality "1"]
[TimeControl "40/5400+30:900+30"]

1. e4 e5 2. Nf3 Nc6 3. Bb5 a6 4. Ba4 Nf6 5. O-O Be7 6. Re1 b5 7. Bb3 d6 8. c3 O-O 9. h3 Nb8 10. d4 Nbd7 11. Nbd2 Bb7 12. Bc2 Re8 13. Nf1 Bf8 14. Ng3 g6 15. a4 Nb6 16. a5 Nbd7 17. b3 d5 18. exd5 Nxd5 19. Bb2 exd4 20. Nxd4 (20. Rxe8 $15 Qxe8 21. c4 (21. Qxd4 Bg7 $17)) 20... Bg7 ({Black should try} 20... c5 $17 21. Rxe8 Qxe8) 21. Rxe8+ Qxe8 22. Qd2 $1 c5 23. Nde2 Rd8 24. Rd1 Nf8 25. Be4 Rd7 26. Qc1 c4 27. b4 Ne6 28. Bxd5 Qd8 (28... Bxd5 $17 29. Nf4 Nxf4 30. Qxf4 Bc6 31. Rxd7 Qxd7 32. Qb8+ Bf8) 29. Qc2 Bxd5 30. Bc1 f5 31. Nf4 Nc7 32. Be3 Bc6 (32... Bf7 $15 33. Rxd7 Qxd7) 33. Rxd7 Qxd7 34. Nfe2 Ne6 (34... Qd3 $17 35. Qxd3 cxd3) 35. Nf4 Nc7 36. Nge2 g5 37. Nh5 Qd3 38. Qxd3 cxd3 39. Nc1 Bxc3 40. Nxd3 f4 41. Bb6 Nd5 42. Bd8 Be8 ({Don't go for} 42... Nxb4 $2 43. Nxb4 Bxb4 44. h4) 43. g4 h6 ({Worse is} 43... Nxb4 44. Nxb4 Bxb4 45. Nf6+ Kf7 46. Nxh7 $17) 44. h4 $19 Bxh5 45. gxh5 gxh4 46. Bxh4 Bxb4 47. Nxb4 Nxb4 48. Kg2 Nd5 49. Kf3 b4 50. Ke2 b3 51. Kd2 Kf7 52. Kc1 Nf6 53. Kb2 Nxh5 54. Kxb3 Ke6 55. Kc4 Ng7 56. f3 Nf5 57. Bf2 Kd6 58. Ba7 Nh4 59. Bb8+ Kc6 60. Bxf4 h5 61. Kd4 Nxf3+ 62. Ke4 Ne1 63. Bd2 Nc2 64. Kf4 Kb5 65. Kg5 Nb4 66. Kxh5 Kxa5 67. Kg4 Ka4 68. Kf4 Kb3 69. Ke3 a5 70. Ke2 a4 71. Bxb4 Kxb4 72. Kd1 Kb3 73. Kc1 a3 74. Kb1 a2+ 75. Ka1 Ka3 1/2-1/2

[Event "Romanian-ch Open 2022"]
[Site "Eforie Nord"]
[Date "2022.02.20"]
[Round "1.20"]
[White "Manea, Alexandru"]
[Black "Ciobanu, Bogdan"]
[Result "1-0"]
[ECO "D30"]
[WhiteElo "2355"]
[BlackElo "1933"]
[Annotator "ChessBase"]
[PlyCount "155"]
[EventDate "2022.02.20"]
[EventType "swiss"]
[EventCountry "ROU"]
[SourceTitle "playchess.com"]
[Source "ChessBase"]
[SourceQuality "1"]
[TimeControl "40/5400+30:900+30"]

1. d4 Nf6 2. Nf3 e6 3. g3 d5 4. Bg2 c5 5. c4 Nc6 6. cxd5 exd5 7. O-O Be7 8. dxc5 Bxc5 9. a3 a6 10. b4 Ba7 11. Bb2 O-O 12. Nbd2 Re8 13. Nb3 Bg4 14. Rc1 Qe7 15. e3 Rad8 16. Qc2 Rc8 17. Qd3 Ne4 18. Nbd4 Bxd4 19. Bxd4 Bxf3 20. Bxf3 Ne5 21. Bxe5 Qxe5 22. Rxc8 Rxc8 23. Rd1 Nc3 24. Rd2 Rd8 25. e4 g6 26. exd5 Nb5 27. Kg2 Nd6 28. Rc2 Rd7 29. Re2 Qf6 30. Rc2 Qe5 31. h4 h5 32. Rc5 Kg7 33. Qd2 Re7 34. Rc1 Qf6 35. a4 Qe5 36. Qc2 Qd4 37. Qc5 Qe5 38. Rc2 Qf6 39. b5 axb5 40. axb5 Re1 41. Qb4 Re7 42. b6 Qe5 43. Rc7 Kf6 44. Qc5 Kg7 45. Qc1 Qf6 46. Qa3 Qe5 47. Qb4 Kf6 48. Rc2 Kg7 49. Ra2 Re8 50. Rc2 Re7 51. Qd2 Qf6 52. Rc7 Qe5 53. Qd3 Qf6 54. Rc3 Re8 55. Rc1 Re7 56. Rb1 Re8 57. Rb4 Ra8 58. Qd2 Qe5 59. Rb1 Ra1 60. Rb3 Ra8 61. Rc3 Re8 62. Rc1 Qf6 63. Rc7 Re7 64. Qc1 Ne8 65. d6 Nxd6 66. Qc5 Re5 67. Qc2 Re7 68. Qd3 Qe5 69. Qd2 Qf6 70. Rc1 Qe5 71. Rd1 Nc8 72. Qd8 Re8 73. Qc7 Qxc7 74. bxc7 Re7 75. Rc1 b6 76. Bb7 Re8 77. Rd1 Kf8 78. Bxc8 1-0

[Event "Romanian-ch Open 2022"]
[Site "Eforie Nord"]
[Date "2022.02.20"]
[Round "1.21"]
[White "Capragiu, Matei-Stefan"]
[Black "Vajda, Albert"]
[Result "1/2-1/2"]
[ECO "E11"]
[WhiteElo "1902"]
[BlackElo "2351"]
[Annotator "NA"]
[PlyCount "81"]
[EventDate "2022.02.20"]
[EventType "swiss"]
[EventCountry "ROU"]
[SourceTitle "playchess.com"]
[Source "ChessBase"]
[SourceQuality "1"]
[TimeControl "40/5400+30:900+30"]

1. d4 Nf6 2. c4 e6 3. Nf3 Bb4+ 4. Bd2 c5 5. e3 O-O 6. Bd3 Nc6 7. O-O Bxd2 8. Qxd2 cxd4 9. exd4 d5 10. Nc3 Nb4 (10... dxc4 $1 $11 11. Bxc4 b6) 11. c5 $1 Nxd3 12. Qxd3 a5 13. Rfe1 b6 {[%emt 0:05:02] [#]} 14. Na4 (14. a3 $1 $16) 14... Ba6 15. Qc2 bxc5 16. Nxc5 Qc7 17. Rac1 Qf4 18. Qd2 (18. Re3 $14) 18... Qxd2 19. Nxd2 Rfb8 20. b3 Bb5 21. Nf3 Be8 22. g3 Kf8 23. Ne5 Rb4 24. Red1 Ke7 25. f4 Kd6 26. Kf2 Ng8 27. Ke3 Nh6 28. g4 f6 29. Ned3 Rbb8 (29... Nxg4+ $11 30. Kf3 Nh6) 30. h3 Ra7 31. Kf3 Bf7 32. Rc3 Ng8 33. Rdc1 h5 34. R1c2 Re8 35. Na4 Ne7 36. Nb6 hxg4+ 37. hxg4 Rb8 {[%emt 0:07:10] [#]} 38. Nc8+ $1 Nxc8 39. Rxc8 Rxc8 40. Rxc8 Bg6 41. Ke3 ({White must play} 41. Nc5 $16) 1/2-1/2

[Event "Romanian-ch Open 2022"]
[Site "Eforie Nord"]
[Date "2022.02.20"]
[Round "1.22"]
[White "Antonica, Dragos-Andrei"]
[Black "Mazilu, Stefan-Fabian"]
[Result "1-0"]
[ECO "A18"]
[WhiteElo "2350"]
[BlackElo "1886"]
[Annotator "ChessBase"]
[PlyCount "85"]
[EventDate "2022.02.20"]
[EventType "swiss"]
[EventCountry "ROU"]
[SourceTitle "playchess.com"]
[Source "ChessBase"]
[SourceQuality "1"]
[TimeControl "40/5400+30:900+30"]

1. c4 Nf6 2. Nc3 e6 3. e4 d5 4. e5 Nfd7 5. cxd5 Nxe5 6. d4 Ng6 7. dxe6 Bxe6 8. d5 Bc8 9. Nf3 Be7 10. Be2 O-O 11. O-O Nd7 12. Be3 Nf6 13. h3 a6 14. a4 b6 15. Qb3 Bb7 16. Rfd1 Qd7 17. Bd4 Rad8 18. Ne5 Nxe5 19. Bxe5 Qc8 20. Rac1 Nd7 21. Bg3 Nc5 22. Qc2 a5 23. Bf3 f5 24. Be5 Bf6 25. Re1 Ba6 26. Rcd1 Bc4 27. Bxf6 Rxf6 28. Rd4 Ba6 29. Qb1 Rff8 30. Red1 Rd6 31. b4 axb4 32. Qxb4 Nd7 33. a5 bxa5 34. Qxa5 Ne5 35. Be2 f4 36. Re4 f3 37. Rxe5 fxe2 38. Nxe2 Qd8 39. Ng3 Bb7 40. Ne4 Rd7 41. Nc5 Rxd5 42. Qa2 Qa8 43. Qb3 1-0

[Event "Romanian-ch Open 2022"]
[Site "Eforie Nord"]
[Date "2022.02.20"]
[Round "1.23"]
[White "Tudor, Henry Edward"]
[Black "Bonte, Andrei-Mihai"]
[Result "1/2-1/2"]
[ECO "E32"]
[WhiteElo "1879"]
[BlackElo "2349"]
[Annotator "NA"]
[PlyCount "95"]
[EventDate "2022.02.20"]
[EventType "swiss"]
[EventCountry "ROU"]
[SourceTitle "playchess.com"]
[Source "ChessBase"]
[SourceQuality "1"]
[TimeControl "40/5400+30:900+30"]

1. d4 Nf6 2. c4 e6 3. Nc3 Bb4 4. Qc2 O-O 5. e4 d6 6. Bd3 e5 7. d5 a5 8. a3 Bc5 9. f3 Nh5 10. g3 Na6 11. Qg2 (11. Bd2 $11 {keeps the balance.}) 11... c6 12. Nge2 Ba7 13. h4 Nc5 14. Bc2 Qb6 15. g4 Nf4 (15... Nf6 $11) 16. Nxf4 exf4 17. Rb1 Nd7 18. Bxf4 Ne5 19. b3 Qd4 $1 20. Nd1 Nd3+ (20... Qc5 $1 $11) 21. Bxd3 Qxd3 22. Rb2 cxd5 23. cxd5 Bc5 24. b4 axb4 25. axb4 Ra1 26. Qe2 Qc3+ 27. Kf1 Rxd1+ 28. Qxd1 Qxb2 29. bxc5 Bd7 30. Qd2 Qb5+ 31. Qe2 Qb3 32. Kf2 Ra8 33. Rd1 ({Reject} 33. cxd6 Ra2 34. Bd2 h5 35. gxh5 (35. Qe3 Qb4 $17) 35... Qb6+ 36. Kg2 Qd4 $11) (33. Kg3 $14) 33... dxc5 34. Rd2 b5 35. Rb2 (35. Qe3 $5 Qb1 36. e5 $14) 35... Qa3 36. Bd6 Qc3 37. Rc2 Qf6 38. Bg3 c4 39. e5 Qb6+ 40. Qe3 Qb7 $11 (40... Qg6 $5 41. Re2 h5 $11) 41. e6 fxe6 42. dxe6 Be8 43. Bd6 Bg6 44. Rd2 h6 45. h5 Bd3 46. e7 Qc6 47. Qf4 Kh7 48. Rxd3 1/2-1/2

[Event "Romanian-ch Open 2022"]
[Site "Eforie Nord"]
[Date "2022.02.20"]
[Round "1.25"]
[White "Craciun, Sasha-Matei"]
[Black "Stepanencu, Nicodim-Cosmin"]
[Result "1-0"]
[ECO "B66"]
[WhiteElo "1871"]
[BlackElo "2334"]
[Annotator "NA"]
[PlyCount "113"]
[EventDate "2022.02.20"]
[EventType "swiss"]
[EventCountry "ROU"]
[SourceTitle "playchess.com"]
[Source "ChessBase"]
[SourceQuality "1"]
[TimeControl "40/5400+30:900+30"]

1. e4 c5 2. Nf3 d6 3. d4 cxd4 4. Nxd4 Nf6 5. Nc3 Nc6 6. Bg5 e6 7. Qd2 a6 8. Be2 Bd7 9. O-O b5 10. a3 Rc8 11. Kh1 (11. Nb3 $14 {was preferrable.}) 11... h6 12. Be3 Ne5 13. f4 Nc4 14. Bxc4 Rxc4 15. Rae1 Ng4 16. Bg1 Be7 17. e5 (17. a4 $14) 17... Qc7 {[%emt 0:20:32] [#]} (17... dxe5 $14 18. fxe5 Qc7) 18. Nf5 $1 dxe5 19. Nxe7 Kxe7 20. fxe5 Bc6 21. h3 h5 22. Nd1 $2 ({Inferior is} 22. hxg4 hxg4+ 23. Bh2 g3 24. Qg5+ Kf8 25. Qxg3 Rch4 $17) (22. Qg5+ $16 Kf8 23. Rd1) 22... Qd7 23. Qg5+ Kf8 24. Re2 Rh6 25. Rd2 Bd5 26. b3 Re4 27. Bc5+ Kg8 28. hxg4 Rg6 (28... hxg4+ {was called for.} 29. Kg1 Qc7) 29. Qe7 Qxe7 30. Bxe7 hxg4 31. Nc3 Rxe5 32. Nxd5 exd5 33. Bb4 g3 34. Kg1 Rc6 35. Rd3 Rxc2 36. Rxg3 d4 37. Rd1 Re4 38. Rgd3 Rg4 39. R3d2 d3 40. Rxc2 dxc2 41. Rc1 Rg3 42. Rxc2 Rxb3 43. Rc8+ Kh7 44. Ra8 g5 45. Rxa6 g4 46. Kf2 Kg7 47. Rb6 f5 48. Rxb5 Kg6 49. Rb6+ Kh5 50. Bc5 g3+ 51. Ke2 Rc3 52. Be3 f4 53. Bxf4 $18 Rxa3 54. Be3 Kg4 55. Rg6+ Kh4 56. Kf3 Rb3 57. Rh6# 1-0

[Event "Romanian-ch Open 2022"]
[Site "Eforie Nord"]
[Date "2022.02.20"]
[Round "1.26"]
[White "Patrascu, Catalin-Lucian"]
[Black "Butolo, Alexandru-Mircea"]
[Result "1-0"]
[ECO "B30"]
[WhiteElo "2310"]
[BlackElo "1850"]
[Annotator "NA"]
[PlyCount "73"]
[EventDate "2022.02.20"]
[EventType "swiss"]
[EventCountry "ROU"]
[SourceTitle "playchess.com"]
[Source "ChessBase"]
[SourceQuality "1"]
[TimeControl "40/5400+30:900+30"]

1. e4 c5 2. Nf3 Nc6 3. Bb5 e5 4. O-O Bd6 5. c3 a6 6. Ba4 b5 7. Bc2 Nge7 8. a4 Bb7 9. Na3 O-O 10. Qe2 (10. d3 $5 ) 10... Ng6 11. d3 Be7 12. Be3 b4 13. Nc4 Qc7 14. a5 Kh8 {[%emt 0:01:29] [#]} (14... Rad8 $1 $11) 15. Nb6 (15. g3 $142 $1) 15... Rae8 16. Nd5 Qd8 17. Rfe1 d6 18. Ba4 f5 19. cxb4 f4 20. Bd2 Nh4 21. Bxc6 Nxf3+ 22. Qxf3 Bxc6 23. Rec1 Bxd5 24. exd5 Qd7 25. Rc4 Rb8 26. Rac1 Rb5 27. h3 h6 28. bxc5 dxc5 29. Bc3 Bd6 30. Re1 Qc7 31. Rce4 (31. d4 $142 exd4 {[#]} 32. Bxd4 $1 ) 31... Rf5 32. Qg4 Rg5 33. Qe6 $18 f3 34. g4 h5 35. Bxe5 Bxe5 36. Rxe5 Rxe5 37. Rxe5 1-0

[Event "Romanian-ch Open 2022"]
[Site "Eforie Nord"]
[Date "2022.02.20"]
[Round "1.27"]
[White "Pirvulescu, Adrian"]
[Black "Nastore, Pavel-Alexandru"]
[Result "0-1"]
[ECO "B90"]
[WhiteElo "1843"]
[BlackElo "2306"]
[Annotator "ChessBase"]
[PlyCount "66"]
[EventDate "2022.02.20"]
[EventType "swiss"]
[EventCountry "ROU"]
[SourceTitle "playchess.com"]
[Source "ChessBase"]
[SourceQuality "1"]
[TimeControl "40/5400+30:900+30"]

1. e4 c5 2. Nf3 d6 3. d4 cxd4 4. Nxd4 Nf6 5. Nc3 a6 6. Be3 e5 7. Nb3 Be6 8. h3 h5 9. Qf3 Nbd7 10. a4 Rc8 11. a5 Be7 12. Bd3 Qc7 13. O-O O-O 14. Rfd1 Qc6 15. Nd2 Rfe8 16. Qe2 g6 17. Ra4 d5 18. exd5 Nxd5 19. Rc4 Nf4 20. Rxf4 exf4 21. Bxf4 Nc5 22. Bc4 Bf6 23. Bxe6 Nxe6 24. Qe4 Bxc3 25. bxc3 Qxe4 26. Nxe4 Nxf4 27. Nf6+ Kf8 28. Nxe8 Kxe8 29. Rb1 Rc7 30. c4 Ne2+ 31. Kf1 Nd4 32. c3 Nc6 33. Ra1 Re7 0-1

[Event "Romanian-ch Open 2022"]
[Site "Eforie Nord"]
[Date "2022.02.20"]
[Round "1.28"]
[White "Dobre, Claudiu-Cristian"]
[Black "Tamas, Christian-Arrydan"]
[Result "1-0"]
[ECO "E99"]
[WhiteElo "2298"]
[BlackElo "1833"]
[Annotator "NA"]
[PlyCount "109"]
[EventDate "2022.02.20"]
[EventType "swiss"]
[EventCountry "ROU"]
[SourceTitle "playchess.com"]
[Source "ChessBase"]
[SourceQuality "1"]
[TimeControl "40/5400+30:900+30"]

1. c4 Nf6 2. Nf3 g6 3. Nc3 Bg7 4. d4 O-O 5. e4 d6 6. Be2 e5 7. O-O Nc6 8. d5 Ne7 9. Ne1 Nd7 10. f3 f5 11. g4 a5 12. Be3 Nf6 (12... f4 $5 13. Bf2 b6 $11) 13. Nd3 b6 14. a3 f4 15. Bf2 g5 $1 16. Kg2 h5 17. h3 Ng6 18. Qc2 Bd7 19. b3 Qc8 20. Qd1 Nh4+ 21. Bxh4 gxh4 22. Nf2 Qe8 23. Rg1 $1 Nh7 24. Qc2 Ng5 25. Rh1 Qg6 26. Nb1 (26. Rag1 $11) 26... Rf7 27. Nd2 hxg4 28. hxg4 Qh6 29. Nh3 (29. Rh2 $5 ) 29... Nh7 30. Qc3 Bf6 31. b4 Rg7 32. Rhg1 Bd8 33. Kh2 Qg6 34. Nb3 Nf6 35. Nd2 (35. c5 $1 $14) 35... Qf7 36. c5 Rg6 {[%emt 0:00:20] [#]} 37. Nc4 $1 Qg7 38. cxd6 ({Better is} 38. c6 $16 axb4 39. Qd3 (39. Qxb4 Bc8 $14) (39. axb4 Rxa1 40. Qxa1 Be8 $16)) 38... cxd6 39. bxa5 bxa5 40. Rab1 $1 Bxg4 $2 41. Nf2 ({Less strong is} 41. Rxg4 Nxg4+ 42. fxg4 Qa7 $16) 41... Bh5 42. Rxg6 Bxg6 43. Nxd6 Bc7 44. Rb7 Bxd6 $18 45. Rxg7+ Kxg7 46. Nd3 Bxe4 47. Qc6 Bxf3 48. Bxf3 Rd8 49. Nf2 Bxa3 50. Qc7+ Rd7 51. Qxe5 Bd6 52. Qg5+ Kf7 53. Qf5 Be7 54. Ne4 Rxd5 55. Ng5+ 1-0